 Dungeon Crawl Stone Soup version 0.22-a0-305-gd21a89c (webtiles) character file.

259 xccam the Slasher (level 6, -2/47 HPs)
             Began as a Formicid Fighter on Mar 30, 2018.
             Succumbed to an orc's poison
             ... on level 4 of the Dungeon.
             The game lasted 00:07:41 (2383 turns).

xccam the Slasher (Formicid Fighter)                Turns: 2383, Time: 00:07:41

Health: -2/47      AC: 10    Str: 28    XL:     6   Next: 40%
Magic:  6/6        EV:  8    Int:  7    God:
Gold:   89         SH: 10    Dex: 10    Spells: 5/5 levels left

rFire    . . .     SeeInvis +   a - +0 long sword
rCold    . . .     Gourm    .   c - +0 shield
rNeg     . . .     Faith    .   b - +0 scale mail
rPois    .         Spirit   .   (helmet unavailable)
rElec    .         Reflect  .   q - +1 cloak
rCorr    .         Harm     .   (no gloves)
MR       .....                  p - +0 pair of boots
Stlth    ..........             (no amulet)
HPRegen  0.15/turn              (no ring)
MPRegen  0.10/turn              (no ring)

@: mighty, lethally poisoned (-2 -> -39)
A: permanent stasis, dig shafts and tunnels, four strong arms, antennae 3
a: Dig, Shaft Self


You were on level 4 of the Dungeon.
You were very hungry.

You visited 1 branch of the dungeon, and saw 4 of its levels.

You collected 89 gold pieces.

Inventory:

Hand Weapons
 a - a +0 long sword (weapon)
Armour
 b - a +0 scale mail (worn)
 c - a +0 shield (worn)
 p - a +0 pair of boots (worn)
 q - a +1 cloak (worn)
Wands
 j - a wand of flame (11)
 m - a wand of digging (12)
Scrolls
 g - a scroll of identify {unknown}
 h - 4 scrolls of teleportation {unknown}
 k - 2 scrolls of immolation {unknown}
 n - a scroll of random uselessness {unknown}
 o - a scroll of remove curse {unknown}
Potions
 e - a potion of haste {unknown}
 i - a potion of lignification {unknown}
 l - a potion of resistance {unknown}
 r - a potion of brilliance {unknown}
Comestibles
 f - 4 rations


   Skills:
 - Level 3.2 Fighting
 + Level 6.3 Long Blades
 - Level 3.2 Armour
 - Level 3.6 Shields


You had 5 spell levels left.
You didn't know any spells.

Dungeon Overview and Level Annotations

Branches:
Dungeon (4/15)
 Temple: D:4-7

Altars:


Innate Abilities, Weirdness & Mutations

You cannot be hasted, slowed, berserked, paralysed or teleported.
You can dig through walls and to a lower floor.
Your four strong arms can wield two-handed weapons with a shield.
You have a pair of large antennae on your head. (SInv)


Message History

You feel sick.
The orc wizard hits you but does no damage.
The orc hits you but does no damage.
The orc hits you with a hand axe of venom.
* * * LOW HITPOINT WARNING * * *
You are more poisoned.
The orc wizard casts a spell at you. You resist with some effort.
You slash the orc wizard!
The orc wizard is heavily wounded.
* * * LOW HITPOINT WARNING * * *
You feel very sick. You block the orc's attack.
The orc hits you with a hand axe of venom.
* * * LOW HITPOINT WARNING * * *
You are more poisoned.
You block the orc wizard's attack.
You hit the orc wizard.
The orc wizard is almost dead.
You die...

#.# ♣.♣ #.######
#.#....#
########......#
#.............#
#..........<..#
#.............#
#......@).....#
#.....ooo.....#
#.............#
#.?............
#...........)..#
#######........#
#........
#......##


You could see an orc wizard (invisible) and 2 orcs.

Vanquished Creatures
  2 orc priests (D:4)
  Crazy Yiuf (D:3)
  Ijyb (D:3)
  7 adders
  2 oozes (D:1)
  3 worms
  2 dart slugs
  3 leopard geckos
  2 orcs (D:3)
  5 giant cockroaches
  5 goblins
  2 hobgoblins
  2 jackals (D:2)
  9 kobolds
  A quokka (D:2)
  7 ball pythons
  5 bats
  A frilled lizard (D:3)
  11 rats
71 creatures vanquished.

Notes
Turn   | Place    | Note
-------+----------+-------------------------------------------
     0 | D:1      | xccam the Formicid Fighter began the quest for the Orb.
     0 | D:1      | Reached XP level 1. HP: 18/18 MP: 1/1
    47 | D:1      | Reached XP level 2. HP: 24/24 MP: 2/2
    58 | D:1      | Reached skill level 3 in Long Blades
   300 | D:1      | Reached XP level 3. HP: 25/29 MP: 3/3
   798 | D:2      | Reached skill level 4 in Long Blades
   798 | D:2      | Reached XP level 4. HP: 8/35 MP: 4/4
  1538 | D:2      | Reached XP level 5. HP: 39/41 MP: 5/5
  1570 | D:2      | Reached skill level 5 in Long Blades
  1988 | D:3      | Found a runed door.
  1992 | D:3      | Noticed Crazy Yiuf
  2005 | D:3      | Killed Crazy Yiuf
  2167 | D:3      | Noticed Ijyb
  2192 | D:3      | Killed Ijyb
  2192 | D:3      | Reached XP level 6. HP: 17/47 MP: 6/6
  2378 | D:4      | Reached skill level 6 in Long Blades
  2382 | D:4      | HP: 2/47 [orc/hand axe of venom (1)]
  2383 | D:4      | Succumbed to an orc's poison

Vault maps used:
D:1:      nicolae_arrival_memento_mori
D:2:      minmay_snake_closets
D:3:      kennysheep_generic_room_13, uniq_ijyb, uniq_crazy_yiuf_cottage
D:4:      minmay_door_path, amethyst_overflow_temple_binary,
          minmay_temple_entry_junction, roderic_lattice_a, uniq_grinder

Skill      XL: |  1  2  3  4  5  6 |
---------------+-------------------+-----
Long Blades    | 3 4 5 6 |  6.3
Fighting       | |  3.2
Armour         | |  3.2
Shields        | |  3.6

Action                   |  1- 3 |  4- 6 || total
-------------------------+-------+-------++-------
Melee: Long sword        |   109 |   141 ||   250
  Use: Potion            |       |     3 ||     3
  Eat: Chunk             |       |     4 ||     4
Armor: Scale mail        |    56 |    52 ||   108
Dodge: Dodged            |    45 |    50 ||    95
Block: Shield            |    61 |    69 ||   130
       Rpst.: Long sword |    16 |    15 ||    31

Table legend:
 A = Spawn XP
 B = Non-spawn XP
 C = Spawn XP percentage of total XP
 D = Spawn monster count
 E = Non-spawn monster count
 F = Spawn count percentage of total count
 G = Total turns spent on level
                    A         B        C        D         E        F      G
               +---------+---------+-------+---------+---------+-------+---------
         Total |       0 |     371 |   0.0 |       0 |      71 |   0.0 |  2383
               +---------+---------+-------+---------+---------+-------+---------
           D:1 |       0 |      43 |   0.0 |       0 |      21 |   0.0 |   624
           D:2 |       0 |     126 |   0.0 |       0 |      30 |   0.0 |  1032
           D:3 |       0 |     121 |   0.0 |       0 |      18 |   0.0 |   709
           D:4 |       0 |      81 |   0.0 |       0 |       2 |   0.0 |    18
               +---------+---------+-------+---------+---------+-------+---------
